 Dungeon Crawl Stone Soup version 0.28-a0-533-g9f97627e2a (webtiles) character file.

Game seed: 15459652672700918986

96 pokedragonboy the Covered (level 4, -4/29 HPs)
             Began as a Gargoyle Fighter on Sept 25, 2021.
             Slain by an iguana (7 damage)
             ... on level 4 of the Dungeon.
             The game lasted 00:05:55 (2610 turns).

pokedragonboy the Covered (Gargoyle Fighter)        Turns: 2610, Time: 00:05:56

Health: -4/29      AC: 16    Str: 20    XL:     4   Next: 67%
Magic:  4/4        EV:  6    Int:  9    God:
Gold:   41         SH:  4    Dex:  9    Spells: 3/3 levels left

rFire   . . .      SeeInvis .   a - +0 flail
rCold   . . .      Faith    .   c - +0 buckler
rNeg    + . .      Spirit   .   l - +0 plate armour
rPois   ∞          Reflect  .   (no helmet)
rElec   +          Harm     .   h - +0 cloak
rCorr   .          Rampage  .   (no gloves)
Will    .....                   (no boots)
Stlth   ..........              (no amulet)
HPRegen 0.09/turn               (no ring)
MPRegen 0.09/turn               (no ring)

@: no status effects
A: sickness immunity, AC +3, negative energy resistance 1, electricity
resistance, torment resistance 1, petrification resistance
a: no special abilities


You were on level 4 of the Dungeon.
You visited 1 branch of the dungeon, and saw 4 of its levels.

You collected 77 gold pieces.
You spent 36 gold pieces at shops.

Inventory:

Hand Weapons
 a - a +0 flail (weapon)
Armour
 c - a +0 buckler (worn)
 h - a +0 cloak (worn)
 l - a +0 plate armour (worn)
Wands
 o - a wand of polymorph (3)
Scrolls
 e - 5 scrolls of identify
 f - a scroll of enchant weapon {unknown}
 j - a scroll of immolation {unknown}
 k - a scroll of blinking {unknown}
 n - a scroll of teleportation
Potions
 b - a potion of invisibility {unknown}
 d - a potion of might
 g - a potion of resistance {unknown}
 i - 2 potions of lignification
 m - a potion of flight {unknown}


   Skills:
 + Level 3.9 Fighting
 * Level 3.3 Maces & Flails
 + Level 3.9 Armour
 + Level 3.9 Shields


You had 3 spell levels left.
You didn't know any spells.
Your spell library was empty.

Dungeon Overview and Level Annotations

Branches:
Dungeon (4/15)
 Temple: D:4-7

Altars:

Shops:
D:4 ?


Innate Abilities, Weirdness & Mutations

You are immune to sickness and miasma.
Your stone body is resilient. (AC +3)
You are immune to poison.
You resist negative energy. (rN+)
You are resistant to electric shocks. (rElec)
You are resistant to unholy torment.
You are immune to petrification.


Message History

You now have 41 gold pieces (gained 15).
You see here a +2 cloak.
There is a stone staircase leading up here.
Things that are here:
a +0 club; an orc corpse
Things that are here:
a +0 whip; a hobgoblin corpse; an orc corpse An orc comes into view.
It is wielding a +0 flail.
The orc shouts!
The orc hits you but does no damage.
Your plate armour prevents you from hitting the orc.
The orc hits you but does no damage.
You sock the orc!
You kill the orc!
No target in view!
No target in view!
Things that are here:
a +0 flail; an orc corpse
o - a wand of polymorph (3)
Found a robe.
No target in view!
An iguana comes into view.
The iguana hisses angrily.
You hit the iguana but do no damage. The iguana bites you.
The iguana bites you but does no damage.
You closely miss the iguana. The iguana bites you.
You hit the iguana.
The iguana is lightly wounded.
The iguana bites you!
You are too injured to fight recklessly!
You are too injured to fight recklessly!
You barely miss the iguana.
The iguana is lightly wounded.
The iguana bites you but does no damage.
Your plate armour prevents you from hitting the iguana.
The iguana is lightly wounded.
The iguana bites you!
* * * LOW HITPOINT WARNING * * *
The iguana bites you!
You die...

..####.##.............##
#......#...............##
#........♣..............#
...................>....#
........♣∩♣.............#
........[....(..........#
.........♣..............#
...............l.......##
...............@......##
......).........#######
................#
.......>..###.#)#
....#########))<#####
##..).#...##
##..........##
#............#
#............#


You could see an iguana.

Vanquished Creatures
  3 adders
  A dart slug (D:2)
  6 orcs (D:4)
  5 ball pythons
  3 endoplasms
  A giant cockroach (D:3)
  9 goblins
  4 hobgoblins
  5 jackals
  7 kobolds
  2 quokkas (D:1)
  3 bats
  A frilled lizard (D:1)
  6 rats
56 creatures vanquished.

Notes
Turn   | Place    | Note
-------+----------+-------------------------------------------
     0 | D:1      | pokedragonboy the Gargoyle Fighter began the quest for the
                  | Orb.
     0 | D:1      | Reached XP level 1. HP: 14/14 MP: 1/1
   108 | D:1      | Reached XP level 2. HP: 19/19 MP: 2/2
  1091 | D:2      | Reached XP level 3. HP: 23/23 MP: 3/3
  1919 | D:3      | Reached XP level 4. HP: 29/29 MP: 4/4
  2428 | D:4      | Found Iwkutuov's Magic Scroll Emporium.
  2538 | D:4      | Bought a scroll of teleportation for 36 gold pieces
  2610 | D:4      | Slain by an iguana

Illustrated notes

Levels and vault maps discovered:
D:1:      minmay_arrival_stair_chambers, layout_loops_corners
D:2:      layout_loops_ring, st_stairs_10
D:3:      layout_basic, kennysheep_decorative_pillar
D:4:      layout_rooms, grunt_temple_overflow_octagram,
          minmay_temple_entry_fiery, serial_shops, nicolae_shop_trees, shop,
          nicolae_diamond_shop, nicolae_shop_self_help

Skill      XL: |  1  2  3 |
---------------+----------+-----
Maces & Flails | 3 |  3.3
Fighting       | |  3.9
Armour         | |  3.9
Shields        | |  3.9

Action                   |  1- 3 |  4- 6 || total
-------------------------+-------+-------++-------
Melee: Flail             |   124 |    67 ||   191
  Use: Scroll            |     2 |       ||     2
Armor: Scale mail        |    76 |       ||    76
       Plate armour      |       |    85 ||    85
Dodge: Dodged            |    69 |    42 ||   111
Block: Buckler           |    23 |    29 ||    52

Table legend: (Time is in decaauts)
 A = Elapsed time spent in this place.
 B = Non-inter-level travel time spent in this place.
 C = Inter-level travel time spent in this place.
 D = Time resting spent in this place.
 E = Time spent auto-exploring this place.
 F = Levels seen in this place.
 G = Mean time per level.
                   A        B        C        D        E       F      G
               +--------+--------+--------+--------+--------+-----+--------+
         Total |   2665 |   2614 |     51 |    339 |   1715 |   4 |  666.2 |
       Dungeon |   2665 |   2614 |     51 |    339 |   1715 |   4 |  666.2 |
               +--------+--------+--------+--------+--------+-----+--------+

Top non-repeatable levels by time:
     D:1: 1056 daAuts
     D:2: 724 daAuts
     D:3: 688 daAuts
     D:4: 195 daAuts
